 Dungeon Crawl Stone Soup version 0.31-a0-810-ga77100ea1a (webtiles) character file.

Game seed: 5922479032572863256

72 dynsetu the Sneak (level 4, -1/24 HPs)
             Began as a Vampire Enchanter on Sept 22, 2023.
             Slain by a goblin
             ... wielding a +0 club
             ... led by Robin
              (2 damage)
             ... on level 2 of the Dungeon.
             The game lasted 00:06:07 (1606 turns).

dynsetu the Sneak (Vampire Enchanter)               Turns: 1606, Time: 00:06:08

Health: -1/24      AC:  2    Str:  5 (7)  XL:     4   Next: 7%
Magic:  7/7        EV: 12    Int: 17 (19) God:
Gold:   109        SH:  0    Dex: 12 (14) Spells: 2/7 levels left

rFire   + . .        a - +1 dagger
rCold   + + .        (no shield)
rNeg    + + +        b - +0 robe
rPois   ∞            (no helmet)
rElec   .            (no cloak)
rCorr   .            (no gloves)
SInv    +            (no boots)
Will    .....        (no amulet)
Stlth   +++++        f - ring of protection from fire
HPRegen 0.00/turn    (no ring)
MPRegen 0.10/turn

%: no passive effects
@: bloodless, inhibited regen
A: bloodless, fangs 3, see invisible, vampiric 2
a: Bat Form, Revivify


You were on level 2 of the Dungeon.
You visited 1 branch of the dungeon, and saw 3 of its levels.

You collected 109 gold pieces.

Inventory:

Hand Weapons
 a - a +1 dagger (weapon)
Missiles
 g - 5 poisoned darts
Armour
 b - a +0 robe (worn)
Jewellery
 f - a ring of protection from fire (left hand)
 j - a ring of fire
Scrolls
 d - a scroll of teleportation {unknown}
 e - a scroll of identify {unknown}
 h - a scroll of immolation {unknown}
 i - a scroll of blinking {unknown}
Potions
 c - 3 potions of invisibility


   Skills:
 + Level 0.8 Fighting
 + Level 2.1 Short Blades
 + Level 2.7 Dodging
 + Level 5.5 Stealth
 + Level 2.1 Spellcasting
 + Level 5.0 Hexes


You had 2 spell levels left.
You knew the following spells:

 Your Spells              Type           Power      Damage    Failure   Level
a - Ensorcelled Hibernat  Hex/Ice        20%        N/A       11%         2
b - Tukima's Dance        Hex            19%        N/A       7%          3

Your spell library contained the following spells:

 Spells                   Type           Power      Damage    Failure   Level
 Confusing Touch          Hex            19%        N/A       7%          3
 Dazzling Flash           Conj/Hex       20%        N/A       21%         3
 Volatile Blastmotes      Fire/Tloc      2%         2d10      50%         3
 Fulminant Prism          Conj/Hex       5%         3d6       56%         4
 Iskenderun's Mystic Bla  Conj/Tloc      1%         2d3       88%         4


Dungeon Overview and Level Annotations

Branches:
Dungeon (3/15)

Altars:
Gozag

Annotations:
D:2 exclusion: gnoll, Robin


Innate Abilities, Weirdness & Mutations

You do not regenerate when monsters are visible.
You are frail without blood (-20% HP).
You can heal yourself when you bite living creatures.
You are immune to poison.
You have razor-sharp teeth.
You have supernaturally acute eyesight. (SInv)
You are afflicted with vampirism and can become a bat while bloodless.


Message History

You closely miss the goblin. The goblin hits you with a +0 dagger.
The goblin hits you with a +0 club.
You closely miss the goblin.
The goblin hits you but does no damage. x2
You completely miss the goblin. The goblin hits you but does no damage.
You barely miss the goblin. The goblin hits you with a +0 club.
The goblin hits you with a +0 dagger.
You hit the goblin. You bite the goblin, but do no damage.
The goblin is almost dead.
The goblin misses you.
Robin roars a battlecry!
The goblins go into a battle-frenzy!
You hit the goblin but do no damage.
The goblin is almost dead.
The goblin hits you with a +0 dagger. The goblin barely misses you.
You closely miss the goblin.
The goblin is almost dead.
The goblin hits you with a +0 dagger. The goblin barely misses you.
You closely miss the goblin.
The goblin is almost dead.
The goblin barely misses you. The goblin hits you but does no damage.
You hit the goblin but do no damage.
The goblin is almost dead.
The goblin hits you with a +0 dagger. The goblin barely misses you.
You hit the goblin.
You kill the goblin!
The goblin barely misses you.
Things that are here:
a +0 club; a goblin corpse Robin says, "Bow before me, strongest of all the hobgoblins!"
Robin throws the goblin at you!
* * * LOW HITPOINT WARNING * * *
The goblin hits you but does no damage.
Robin's horned helmet rattles.
The goblin hits you but does no damage. The goblin attacks as it pursues you!
The goblin hits you with a +0 club.
* * * LOW HITPOINT WARNING * * *
The goblin attacks as it pursues you! The goblin hits you with a +0 dagger.
* * * LOW HITPOINT WARNING * * *
The goblin attacks as it pursues you! The goblin hits you with a +0 club.
You die...

#############
#...........#
####...........#
...............#
.............).#
...............##
......######....###
.........g.)g..g@>#
......######.#g.#.##
####### #.#.....#
#.#.##..# #.#.##..#
#.#.##..# #.#.#...#
############.#.#..##
#.........##.#.#..#


You could see Robin and 3 goblins.

Vanquished Creatures
  Jessica (D:2)
  A worm (D:1)
  5 endoplasms
  A giant cockroach (D:1)
  8 goblins
  4 hobgoblins
  2 quokkas
  4 ball pythons
  2 bats
  2 frilled lizards (D:1)
  2 kobolds (D:1)
  10 rats
42 creatures vanquished.

Notes
Turn   | Place    | Note
-------+----------+-------------------------------------------
     0 | D:1      | dynsetu the Vampire Enchanter began the quest for the Orb.
     0 | D:1      | Reached XP level 1. HP: 13/13 MP: 3/3
    76 | D:1      | Reached XP level 2. HP: 15/15 MP: 5/5
    83 | D:1      | Learned a level 2 spell: Ensorcelled Hibernation
   214 | D:1      | Reached skill level 5 in Hexes
   512 | D:2      | Noticed Jessica
   568 | D:2      | Killed Jessica
   569 | D:2      | Reached skill level 5 in Stealth
   569 | D:2      | Gained mutation: You are afflicted with vampirism and can
                  | become a bat while bloodless. [Vampire growth]
   569 | D:2      | Reached XP level 3. HP: 17/20 MP: 6/6
   683 | D:2      | Learned a level 3 spell: Tukima's Dance
   764 | D:2      | Noticed Robin
  1069 | D:2      | Found a faded altar of an unknown god.
  1073 | D:2      | Prayed at the altar of an unknown god.
  1073 | D:2      | Became a worshipper of Gozag Ym Sagoz the Greedy
  1074 | D:2      | Fell from the grace of Gozag
  1362 | D:3      | Reached XP level 4. HP: 17/24 MP: 7/7
  1605 | D:2      | HP: 1/24 [goblin/+0 dagger[Robin] (4)]
  1606 | D:2      | Slain by a goblin

Illustrated notes

Levels and vault maps discovered:
D:1:      dpeg_arrival_brainrot, layout_rooms
D:2:      layout_basic, hellmonk_ecumenical_altar_leap_of_faith, uniq_jessica,
          uniq_robin
D:3:      layout_loops_corners, biasface_ghost_orc_armoury, kennysheep_potato,
          uniq_grinder, uniq_ijyb

Skill      XL: |  1  2  3 |
---------------+----------+-----
Hexes          | 5 |  5.0
Stealth        | 5 |  5.5
Short Blades   | 2 |  2.1
Fighting       | |  0.8
Dodging        | |  2.7
Spellcasting   | |  2.1

Action                     |  1- 3 |  4- 6 || total
---------------------------+-------+-------++-------
  Melee: Dagger            |   105 |    22 ||   127
         Bite              |     9 |     2 ||    11
   Cast: Ensorcelled Hiber |     3 |       ||     3
 Invoke: Renounce Religion |     1 |       ||     1
Ability: Exsanguinate      |     1 |       ||     1
         End Transformatio |     1 |       ||     1
         Bat Form          |     1 |       ||     1
   Stab: Sleeping          |    15 |       ||    15
 Armour: Robe              |    36 |    26 ||    62
         Skin              |    12 |       ||    12
  Dodge: Dodged            |   132 |    17 ||   149

Table legend: (Time is in decaauts)
 A = Elapsed time spent in this place.
 B = Non-inter-level travel time spent in this place.
 C = Inter-level travel time spent in this place.
 D = Time resting spent in this place.
 E = Time spent auto-exploring this place.
 F = Levels seen in this place.
 G = Mean time per level.
                   A        B        C        D        E       F      G
               +--------+--------+--------+--------+--------+-----+--------+
         Total |   1566 |   1544 |     22 |     95 |    981 |   3 |  522.0 |
       Dungeon |   1566 |   1544 |     22 |     95 |    981 |   3 |  522.0 |
               +--------+--------+--------+--------+--------+-----+--------+

Top non-repeatable levels by time:
     D:2: 736 daAuts
     D:1: 648 daAuts
     D:3: 181 daAuts
